 Dungeon Crawl Stone Soup version 0.30-a0-629-gd54f4be4f7 (webtiles) character file.

Game seed: 3947250409522015625

18 bande the Trooper (level 2, -4/20 HPs)
             Began as a Gargoyle Fighter on Jan 12, 2023.
             Killed from afar by Sigmund (16 damage)
             ... with a bolt of light
             ... on level 2 of the Dungeon.
             The game lasted 00:01:23 (972 turns).

bande the Trooper (Gargoyle Fighter)                 Turns: 972, Time: 00:01:24

Health: -4/20      AC:  9    Str: 19    XL:     2   Next: 66%
Magic:  2/2        EV:  9    Int:  8    God:
Gold:   32         SH:  0    Dex:  9    Spells: 1/1 levels left

rFire   . . .      SeeInvis .    a - +0 war axe
rCold   . . .      Faith    .    c - +0 buckler
rNeg    + . .      Spirit   .    b - +0 scale mail
rPois   ∞          Reflect  .    (no helmet)
rElec   +          Harm     .    (no cloak)
rCorr   .          Rampage  .    (no gloves)
Will    .....                    (no boots) Stlth
                                 (no amulet)
HPRegen 0.23/turn                (no ring)
MPRegen 0.08/turn                (no ring)

@: confused
A: sickness immunity, AC +2, negative energy resistance 1, electricity
resistance, torment resistance 1, petrification resistance
a: no special abilities


You were on level 2 of the Dungeon.
You visited 1 branch of the dungeon, and saw 2 of its levels.

You collected 32 gold pieces.

Inventory:

Hand Weapons
 a - a +0 war axe (weapon)
Armour
 b - a +0 scale mail (worn)
 c - a +0 buckler (worn)
Scrolls
 e - a scroll of teleportation {unknown}
 g - 2 scrolls of identify {unknown}
Potions
 d - a potion of might
 f - a potion of flight {unknown}
 h - a potion of curing {unknown}


   Skills:
 + Level 3.7 Fighting
 + Level 2.0 Axes
 + Level 3.5 Armour
 + Level 3.5 Shields


You had one spell level left.
You didn't know any spells.
Your spell library was empty.

Dungeon Overview and Level Annotations

Branches:
Dungeon (2/15)

Altars:

Shops:
D:1 [

Annotations:
D:2 Sigmund


Innate Abilities, Weirdness & Mutations

You are immune to sickness and miasma.
Your stone body is resilient. (AC +2)
You are immune to poison.
You resist negative energy. (rN+)
You are resistant to electric shocks. (rElec)
You are resistant to unholy torment.
You are immune to petrification.


Message History

You closely miss the frilled lizard. You closely miss the hobgoblin.
You closely miss the quokka. The bat barely misses you.
Something hits you but does no damage. The quokka barely misses you.
The frilled lizard closely misses you.
The hobgoblin hits you but does no damage.
You block the quokka's attack.
You slash the hobgoblin!
You kill the hobgoblin!
You closely miss the frilled lizard. You miss the quokka.
The bat barely misses you. You block the frilled lizard's attack.
You hear a zap.
A bolt of light appears from out of thin air!
The bolt of light hits you.
The quokka bites you but does no damage.
The bat hits you but does no damage.
The frilled lizard bites you but does no damage.
You hear some strange, mumbled words.
You are confused.
Your Axes skill increases to level 2!
You are too confused!
You are too confused!
You are too confused!
You are too confused!
You are too confused!
You are too confused!
You are too confused!
You are too confused!
You are too confused!
You are too confused!
The bat hits you but does no damage. The quokka closely misses you.
You closely miss the quokka.
The quokka is lightly wounded.
The quokka misses you. The bat hits you but does no damage.
The quokka bites you but does no damage.
You hear a zap.
A bolt of light appears from out of thin air!
The bolt of light hits you!
You are more confused.
Ouch! That really hurt!
You die...

<............#
.............##.
........<.......
..............#
..............#
.......<.....#
..$....l...#.###
##.....rb.......
###...@.{......
#..........?..
............[...
###.............
#.............
#.............
#......(......
##...........


You could see a quokka, a bat and a frilled lizard.

Vanquished Creatures
  A bat (D:1)
  3 hobgoblins
  3 quokkas (D:1)
  A ball python (D:1)
  A frilled lizard (D:1)
  A goblin (D:2)
  5 kobolds
  3 rats
18 creatures vanquished.

Notes
Turn   | Place    | Note
-------+----------+-------------------------------------------
     0 | D:1      | bande the Gargoyle Fighter began the quest for the Orb.
     0 | D:1      | Reached XP level 1. HP: 14/14 MP: 1/1
   186 | D:1      | Found Apnolehif's Armour Shop.
   247 | D:1      | Reached XP level 2. HP: 19/19 MP: 2/2
   963 | D:2      | Noticed Sigmund
   972 | D:2      | Killed from afar by Sigmund

Illustrated notes

Levels and vault maps discovered:
D:1:      dpeg_arrival_boxes_within_box, layout_basic, serial_shops,
          nicolae_shop_waterfront
D:2:      layout_rooms, basic_altar, uniq_natasha, uniq_sigmund

Skill      XL: |  1  2 |
---------------+-------+-----
Axes           | 2 |  2.0
Fighting       | |  3.7
Armour         | |  3.5
Shields        | |  3.5

Action                   || total
-------------------------++-------
Melee: War axe           ||    62
Armor: Scale mail        ||    49
Dodge: Dodged            ||    45
Block: Buckler           ||    18

Table legend: (Time is in decaauts)
 A = Elapsed time spent in this place.
 B = Non-inter-level travel time spent in this place.
 C = Inter-level travel time spent in this place.
 D = Time resting spent in this place.
 E = Time spent auto-exploring this place.
 F = Levels seen in this place.
 G = Mean time per level.
                   A        B        C        D        E       F      G
               +--------+--------+--------+--------+--------+-----+--------+
         Total |    999 |    980 |     19 |      0 |    818 |   2 |  499.5 |
       Dungeon |    999 |    980 |     19 |      0 |    818 |   2 |  499.5 |
               +--------+--------+--------+--------+--------+-----+--------+

Top non-repeatable levels by time:
     D:1: 979 daAuts
     D:2: 19 daAuts
